Map: Jagannatha LE

Players

LiquidMaNa (MaNa)

  • Race: Protoss Protoss
  • League: Grandmaster

SortOf - Winner!

  • Race: Zerg Zerg
  • League: Master

Event: DreamHack SC2 Masters 2021 Summer

VOD

Have the link to the VOD?

Description

Time

  • Played on: May 23, 2021, 2:01 p.m.
  • Length: 16:38

All games in this series

Show
View Real Time Build Order
Export as new Build Order

LiquidMaNa Protoss 

Build Orders: 1 Gate Expand, Oracle Opening 

Get SALT Encoding   

  12  0:00  Probe  
  13  0:12  Probe  
  14  0:20  Pylon  
  14  0:24  Probe  
  15  0:38  Probe (Chrono Boost)  
  15  0:41  Gateway  
  16  0:47  Probe (Chrono Boost)  
  17  0:51  Assimilator  
  17  0:53  Probe (Chrono Boost)  
  18  1:05  Probe (Chrono Boost)  
  19  1:13  Probe (Chrono Boost)  
  20  1:27  Nexus  
  20  1:38  Cybernetics Core  
  20  1:41  Probe  
  21  1:48  Assimilator  
  21  1:53  Probe  
  22  1:57  Pylon  
  22  2:05  Probe  
  23  2:12  Adept (Chrono Boost)  
  23  2:15  Warp Gate  
  25  2:18  Probe  
  26  2:28  Stargate  
  26  2:30  Probe  
  26  2:35  Adept  
  29  2:39  Probe (Chrono Boost)  
  31  2:46  Probe (Chrono Boost)  
  32  2:51  Probe (Chrono Boost)  
  32  2:56  Probe x2 (Chrono Boost)  
  34  3:02  Void Ray (Chrono Boost)  
  34  3:05  Probe  
  34  3:06  Probe  
  40  3:13  Pylon  
  40  3:18  Probe x2  
  42  3:21  Gateway  
  42  3:30  Probe x2  
  44  3:38  Oracle  
  47  3:42  Probe x2  
  47  3:47  Twilight Council  
  49  3:49  Assimilator  
  49  3:54  Probe x2  
  51  4:01  Gateway  
  51  4:02  Gateway  
  51  4:03  Adept  
  51  4:06  Probe  
  54  4:14  Pylon  
  54  4:17  Pylon  
  54  4:18  Resonating Glaives (Chrono Boost)  
  54  4:29  Nexus  
  54  4:35  Adept x2  
  58  4:42  Probe x2  
  60  4:47  Pylon  
  60  4:56  Adept x4  
  68  5:11  Probe x2  
  70  5:16  Pylon  
  70  5:17  Adept x4  
  78  5:21  Assimilator  
  78  5:28  Robotics Facility  
  78  5:29  Robotics Facility  
  78  5:34  Probe  
  79  5:36  Forge  
  79  5:51  Probe  
  79  5:52  Zealot x4  
  79  5:53  Probe  
  79  5:56  Probe  
  89  6:03  Probe  
  82  6:05  Probe  
  82  6:08  Probe  
  70  6:15  Immortal x2 (Chrono Boost), Probe  
  77  6:22  Robotics Bay  
  75  6:26  Shield Battery  
  75  6:28  Adept  
  75  6:30  Probe  
  75  6:31  Probe  
  79  6:39  Shield Battery  
  79  6:45  Immortal (Chrono Boost)  
  79  6:47  Immortal (Chrono Boost)  
  87  6:54  Photon Cannon  
  87  6:57  Shield Battery  
  87  7:04  Adept x3  
  93  7:09  Adept  
  93  7:12  Pylon  
  93  7:15  Disruptor  
  95  7:22  Disruptor  
  101  7:27  Pylon  
  99  7:36  Protoss Ground Weapons Level 1 (Chrono Boost)  
  96  7:38  Blink  
  96  7:42  Pylon, Disruptor  
  96  7:44  Pylon  
  95  7:56  Pylon  
  96  8:06  Pylon  
  96  8:08  Pylon  
  96  8:10  Pylon  
  94  8:14  Disruptor  
  94  8:15  Stalker x2  
  101  8:24  Disruptor  
  104  8:34  Nexus  
  104  8:40  Probe x2  
  106  8:43  Pylon, Stalker x2  
  106  8:46  Pylon  
  110  8:52  Probe x2  
  112  9:01  Phoenix  
  111  9:03  Sentry  
  111  9:06  Photon Cannon  
  111  9:09  Photon Cannon  
  113  9:12  Photon Cannon  
  113  9:17  Stalker  
  113  9:19  Probe  
  113  9:22  Stalker  
  118  9:27  Stalker  
  120  9:41  Observer  
  120  9:43  Gateway  
  118  9:45  Gateway  
  118  9:46  Pylon  
  115  9:56  Probe x2  
  117  10:00  Probe  
  117  10:02  Stalker x2  
  117  10:03  Stalker  
  122  10:08  Probe  
  122  10:10  Probe  
  122  10:12  Probe  
  122  10:13  Assimilator  
  125  10:14  Assimilator  
  125  10:16  Templar Archives  
  125  10:21  Immortal  
  129  10:26  Pylon  
  129  10:28  Oracle (Chrono Boost)  
  132  10:40  Zealot  
  132  10:42  Nexus  
  134  10:45  Pylon  
  134  10:56  High Templar x4  
  137  11:00  Archon x2, Gateway x2  
  141  11:04  Immortal  
  141  11:05  Immortal  
  141  11:10  Photon Cannon  
  143  11:26  Protoss Ground Weapons Level 2  
  143  11:27  Pylon  
  143  11:30  Pylon  
  143  11:32  Probe  
  135  11:35  Zealot x4  
  135  11:37  Probe  
  113  11:41  Probe  
  113  11:44  Probe  
  96  11:49  Probe  
  96  11:53  Probe  
  92  11:56  Probe  
  86  12:01  Probe  
  86  12:05  Probe  
  83  12:08  High Templar  
  83  12:09  High Templar x3  
  83  12:13  Archon x2  
  91  12:16  Probe  
  91  12:19  Pylon  
  92  12:30  Probe x2  
  94  12:40  Probe  
  94  12:42  Probe x2  
  94  12:44  High Templar x6  
  101  12:48  Oracle (Chrono Boost), Archon x3  
  112  13:07  Nexus  
  112  13:21  Shield Battery  
  112  13:25  Stalker x7  
  126  13:30  Shield Battery  
  126  13:49  High Templar x4  
  126  13:53  Archon x2  
  133  13:57  Warp Prism (Chrono Boost)  
  133  13:59  Immortal (Chrono Boost), Stalker x3  
  145  14:14  Psionic Storm  
  145  14:16  Nexus  
  145  14:21  Pylon  
  145  14:37  High Templar x2  
  145  14:56  High Templar x2  
  139  15:07  Archon  
  117  15:15  Stalker x5  
  127  15:31  Nexus  
  127  15:34  Assimilator, High Templar  
  127  15:35  High Templar  
  131  15:38  Assimilator  
  131  15:46  Pylon  
  131  15:49  Zealot x5  
  141  16:00  Pylon, Probe x2  
  141  16:01  Probe  
  144  16:06  Shield Battery  
  144  16:08  Fleet Beacon  
  144  16:18  Archon  
Show
View Real Time Build Order
Export as new Build Order

SortOf Zerg - Winner!

Build Orders: Hatch First 

Get SALT Encoding   

  12  0:00  Drone  
  13  0:12  Overlord  
  13  0:17  Drone  
  14  0:30  Drone x2  
  16  0:47  Drone  
  17  0:52  Hatchery  
  17  0:54  Drone  
  17  0:58  Drone  
  18  1:08  Extractor  
  17  1:13  Spawning Pool  
  17  1:17  Drone  
  17  1:21  Drone  
  18  1:29  Drone  
  19  1:39  Drone  
  20  1:49  Overlord  
  20  2:00  Queen  
  22  2:05  Zergling x2  
  22  2:06  Queen, Drone  
  26  2:15  Zergling x2  
  27  2:16  Drone  
  27  2:18  Metabolic Boost  
  28  2:23  Drone  
  28  2:27  Drone  
  30  2:37  Drone  
  30  2:40  Hatchery  
  30  2:46  Queen  
  32  2:51  Overlord  
  32  2:55  Drone  
  33  2:59  Drone x2  
  33  3:01  Drone  
  36  3:10  Queen  
  36  3:11  Zergling x2  
  39  3:13  Zergling x2  
  39  3:15  Drone x2  
  39  3:18  Overlord  
  42  3:22  Zergling x2  
  43  3:27  Drone  
  43  3:31  Overlord  
  44  3:40  Overlord, Drone x4  
  48  3:42  Drone  
  49  3:53  Queen  
  49  3:55  Drone x5  
  56  3:58  Drone  
  56  4:00  Spore Crawler  
  56  4:06  Drone  
  56  4:08  Queen  
  56  4:09  Drone  
  60  4:11  Overlord  
  60  4:14  Drone x2  
  61  4:18  Overlord  
  61  4:23  Drone  
  62  4:24  Drone  
  62  4:26  Overlord  
  62  4:30  Lair  
  63  4:32  Queen  
  63  4:36  Extractor  
  63  4:37  Roach Warren, Drone x2  
  65  4:43  Drone  
  66  4:46  Drone x2  
  66  4:47  Spore Crawler  
  66  4:48  Drone x2  
  66  4:50  Extractor  
  68  4:54  Queen  
  68  4:59  Drone x3  
  72  5:05  Drone x2  
  72  5:07  Spore Crawler  
  72  5:10  Drone x2  
  72  5:11  Drone  
  72  5:13  Extractor, Overlord  
  71  5:15  Drone  
  82  5:21  Roach x5  
  82  5:28  Roach x3  
  87  5:34  Roach x3  
  93  5:36  Overlord  
  93  5:44  Zergling x12  
  95  5:50  Zergling x6  
  95  5:54  Evolution Chamber  
  95  5:55  Evolution Chamber  
  95  6:00  Zergling x4  
  89  6:07  Overlord  
  89  6:08  Zergling x14  
  91  6:16  Spore Crawler  
  91  6:17  Drone x2  
  90  6:19  Zergling x4  
  93  6:33  Overlord  
  93  6:34  Ravager x3  
  93  6:35  Ravager x3  
  93  6:36  Overseer  
  98  6:41  Ravager  
  98  6:42  Zergling x10  
  101  6:47  Overlord  
  101  6:49  Roach x2  
  105  6:55  Zergling x6  
  108  7:03  Overlord  
  108  7:04  Zergling x8  
  109  7:08  Zergling x4  
  109  7:09  Zergling x2  
  109  7:14  Ravager x4  
  109  7:15  Roach  
  118  7:25  Zergling x12  
  118  7:28  Drone x2  
  121  7:32  Roach  
  121  7:34  Roach  
  121  7:36  Roach  
  123  7:41  Drone x3  
  123  7:43  Drone  
  127  7:46  Drone x2  
  129  7:54  Drone x2  
  129  7:55  Drone  
  129  8:03  Drone x4  
  128  8:06  Queen  
  115  8:13  Drone x5  
  115  8:14  Extractor  
  115  8:15  Drone x2, Evolution Chamber  
  115  8:16  Baneling Nest  
  118  8:26  Drone x2  
  120  8:27  Glial Reconstitution  
  114  8:37  Queen  
  114  8:41  Drone, Zerg Melee Weapons Level 1  
  113  8:45  Drone  
  113  8:48  Queen x2  
  116  8:56  Drone x3  
  116  8:59  Hatchery  
  116  9:00  Zergling x14  
  125  9:03  Centrifical Hooks  
  125  9:14  Overseer  
  125  9:27  Drone x7  
  125  9:30  Evolution Chamber  
  138  9:31  Roach x4  
  138  9:32  Overlord  
  138  9:33  Overlord x3  
  138  9:35  Baneling  
  138  9:37  Baneling x6  
  137  9:55  Roach x9  
  137  9:58  Ravager  
  156  10:07  Zergling x10  
  144  10:21  Zergling x14  
  144  10:23  Hatchery, Zerg Missile Weapons Level 1  
  144  10:28  Ravager x9, Overlord  
  159  10:29  Zergling x2  
  159  10:34  Zergling x12  
  166  10:36  Zerg Melee Weapons Level 2  
  166  10:37  Overlord  
  166  10:47  Baneling x10  
  166  10:54  Zergling x12  
  166  10:55  Zergling x2  
  173  11:03  Baneling x9  
  173  11:05  Overlord  
  173  11:09  Drone x6  
  179  11:15  Zergling x6  
  179  11:17  Baneling  
  179  11:18  Baneling x6  
  182  11:21  Drone x3  
  163  11:34  Zergling x14  
  163  11:36  Zergling x2  
  159  11:40  Roach x4  
  149  11:48  Zergling x10  
  149  11:50  Zergling x2  
  144  12:01  Roach x4  
  130  12:02  Roach  
  121  12:10  Roach x3  
  121  12:12  Hatchery  
  126  12:15  Extractor  
  126  12:16  Roach x4  
  126  12:21  Ravager x4  
  126  12:22  Overseer  
  137  12:29  Roach x7  
  151  12:35  Zergling x4  
  151  12:36  Extractor  
  152  12:39  Baneling x5  
  152  12:41  Overlord x5  
  152  12:45  Spore Crawler  
  152  12:48  Queen  
  153  12:54  Baneling x8  
  153  12:57  Zergling x14  
  167  13:05  Zergling x22  
  167  13:08  Baneling x2  
  167  13:09  Baneling  
  171  13:13  Zerg Missile Weapons Level 2  
  171  13:16  Infestation Pit  
  171  13:18  Zergling x10  
  171  13:19  Zergling x2  
  170  13:22  Ravager x2  
  170  13:25  Baneling x4  
  172  13:30  Baneling x3  
  172  13:31  Zergling x12  
  178  13:47  Zergling x16  
  178  13:48  Baneling x14  
  183  13:55  Zergling x6  
  178  13:58  Drone x6  
  178  14:01  Hive  
  178  14:10  Zergling x22  
  178  14:12  Baneling x4  
  189  14:17  Baneling  
  189  14:18  Baneling x9  
  189  14:30  Zergling x24  
  195  14:39  Spire  
  195  14:44  Zergling x12  
  195  14:45  Zergling x8  
  199  14:46  Baneling x3  
  199  14:50  Overlord  
  199  14:52  Overlord  
  196  14:55  Roach x4  
  196  14:58  Overlord  
  199  15:03  Overlord  
  181  15:11  Zergling x24  
  173  15:25  Drone x3  
  176  15:29  Ravager  
  176  15:30  Ravager  
  176  15:31  Ravager  
  176  15:32  Zergling x10  
  184  15:35  Hatchery  
  184  15:41  Spine Crawler  
  182  15:45  Zergling x24  
  182  15:46  Baneling  
  193  15:58  Baneling x18  
  193  16:00  Baneling x2  
  193  16:01  Baneling x10  
  189  16:11  Spore Crawler  
  189  16:14  Zergling x22  
  189  16:17  Zergling x4  
Tags
 
Add a new tag
Caveats
  • Supply blocks, unpowered buildings, or Contaminate may cause inaccurate times.
  • Supply counts are checked every 10 seconds.